 Dungeon Crawl Stone Soup version 0.17-a0-1887-g3e50df6 (webtiles) character file.

142 GrandHerb the Shield-Bearer (level 5, 0/46 HPs)
             Began as a Hill Orc Fighter on Sept 23, 2015.
             Slain by an orc
             ... wielding a +0 whip
              (2 damage)
             ... on level 3 of the Dungeon.
             The game lasted 00:19:16 (1778 turns).

GrandHerb the Shield-Bearer (Hill Orc Fighter)      Turns: 1778, Time: 00:19:16

Health: 0/46       AC:  8    Str: 24    XL:     5   Next: 24%
Magic:  5/5        EV:  8    Int:  8    God:
Gold:   119        SH: 10    Dex: 11    Spells: 0 memorised, 4 levels left

rFire  . . .     SeeInvis .     a - +0 trident
rCold  . . .     Clarity  .     b - +0 scale mail
rNeg   . . .     SustAt   .     c - +0 shield
rPois  .         Gourm    .     (no helmet)
rElec  .         Spirit   .     (no cloak)
rCorr  .         Warding  .     m - +0 pair of gloves
rMut   .         Stasis   .     (no boots)
MR     .....                    (no amulet)
Stlth  ++........               s - ring of stealth
                                g - ring of stealth

@: mighty, not resistant to hostile enchantments, unstealthy
A: no striking features
a: no special abilities


You were on level 3 of the Dungeon.
You were not hungry.

You visited 1 branch of the dungeon, and saw 3 of its levels.

You collected 119 gold pieces.

Inventory:

Hand weapons
 a - a +0 trident (weapon)
Armour
 b - a +0 scale mail (worn)
 c - a +0 shield (worn)
 m - a +0 pair of gloves (worn)
Jewellery
 g - a ring of stealth (left hand)
 j - an uncursed ring of wizardry
 s - a ring of stealth (right hand)
Scrolls
 f - 6 scrolls of magic mapping {unknown}
 h - 2 scrolls of identify {unknown}
 i - 2 scrolls of enchant armour {unknown}
 k - 3 scrolls of teleportation {unknown}
 l - 2 scrolls of random uselessness {unknown}
 n - a scroll of enchant weapon {unknown}
 q - a scroll of fear {unknown}
 t - a scroll of blinking {unknown}
Potions
 p - a potion of lignification {unknown}
 u - a potion of heal wounds {unknown}
 v - 2 potions of brilliance {unknown}
Comestibles
 e - 3 bread rations
 o - 2 meat rations
 r - 4 chunks of flesh


   Skills:
 + Level 4.0 Fighting
 + Level 3.2 Polearms
 + Level 4.2 Armour
 + Level 1.2 Dodging
 + Level 0.6 Stealth
 + Level 4.2 Shields


You had 4 spell levels left.
You didn't know any spells.

Dungeon Overview and Level Annotations

Branches:
Dungeon (3/15)

Altars:
Dithmenos
Elyvilon
Fedhas
Yredelemnul


Message History

You hear some strange, mumbled words.
A puff of flame appears from out of thin air!
The puff of flame hits you!
* * * LOW HITPOINT WARNING * * *
Drink which item? (? for menu, Esc to quit)
You feel very mighty all of a sudden.
Something hits you but does no damage. x2
You closely miss something. Something hits you but does no damage.
Something hits you but does no damage.
You closely miss something. Something hits you but does no damage.
You hear some strange, mumbled words.
A puff of flame appears from out of thin air!
The puff of flame hits you!
* * * LOW HITPOINT WARNING * * *
You puncture something!
Reactivating autopickup.
You have reached level 5!
You feel stronger.
You feel a bit more experienced. The orc hits you with a whip.
You die...

...r... ....... ...o...
.....o. .#########.h.o...
..........†...... #
..........oo....#.#
..........#######.#########.
.........oo@............(..
..........##..[..........#.
..........##.............#..
..........##.............#..
..........##.............#..
############.............# #
####.#########.............# #
#..........................#.#
#########..................(.+


You could see 2 orcs.

Vanquished Creatures
  An orc wizard (D:3)
  2 adders (D:2)
  A worm (D:2)
  6 orcs (D:3)
  A ball python (D:1)
  3 giant cockroaches
  7 hobgoblins
  8 jackals
  2 quokkas
  12 bats
  5 giant geckos
  11 giant newts
  4 goblins
  6 kobolds
  10 rats
79 creatures vanquished.

Notes
Turn   | Place    | Note
--------------------------------------------------------------
     0 | D:1      | GrandHerb the Hill Orc Fighter began the quest for the Orb.
     0 | D:1      | Reached XP level 1. HP: 19/19 MP: 1/1
   169 | D:1      | Reached XP level 2. HP: 27/27 MP: 2/2
   352 | D:1      | Reached XP level 3. HP: 33/33 MP: 3/3
   973 | D:2      | Found a white marble altar of Elyvilon.
  1097 | D:2      | Found a shadowy altar of Dithmenos.
  1133 | D:2      | Reached skill level 4 in Shields
  1232 | D:2      | Reached XP level 4. HP: 40/40 MP: 4/4
  1401 | D:2      | Reached skill level 1 in Dodging
  1461 | D:2      | Found a basalt altar of Yredelemnul.
  1543 | D:3      | Found a blossoming altar of Fedhas.
  1777 | D:3      | HP: 1/40 [something/puff of flame (6)]
  1778 | D:3      | Reached XP level 5. HP: 1/46 MP: 5/5
  1778 | D:3      | Slain by an orc

Vault maps used:
D:1:      dpeg_arrival_subterranean_lakeside_camping, minmay_lizard_king
D:2:      nicolae_overflow_crystal_walls, yredelemnul_altar_generic,
          nicolae_dithmenos_through_a_glass_darkly
D:3:      grunt_temple_overflow_champion_of_chaos,
          nicolae_overflow_hidden_temple, grunt_ministairs_9,
          lightli_corner_chamber, uniq_natasha

Action                   |  1- 3 |  4- 6 || total
-------------------------+-------+-------++-------
Melee: Trident           |   197 |   168 ||   365
  Use: Potion            |       |     1 ||     1
  Eat: Chunk             |     2 |     2 ||     4
